 Dungeon Crawl Stone Soup version 0.16-a0-3496-g6490362 (webtiles) character file.

25 Grim the Ruffian (level 3, -1/26 HPs)
             Began as an Octopode Berserker on Jan 5, 2015.
             Was a Follower of Trog.
             Slain by an ooze (5 damage)
             ... on level 1 of the Dungeon.
             The game lasted 00:01:56 (766 turns).

Grim the Ruffian (Octopode Berserker)                Turns: 766, Time: 00:01:56

Health: -1/26      AC:  1    Str: 17    XL:     3   Next: 6%
Magic:  3/3        EV: 12    Int:  9    God:    Trog [*.....]
Gold:   13         SH:  0    Dex: 11    Spells: 0 memorised, 2 levels left

rFire  . . .     SeeInvis .       - Unarmed
rCold  . . .     Clarity  .     (no shield)
rNeg   . . .     SustAb   .     (helmet restricted)
rPois  .         Gourm    .     (no amulet)
rElec  .         Spirit   .     (no ring)
rCorr  .         Warding  .     (no ring)
rMut   .         Stasis   .     (no ring)
MR     ++...                    (no ring)
Stlth  ++........               (no ring)
                                (no ring)
                                (no ring)
                                (no ring)

@: exhausted, regenerating, slowed, very slow, very resistant to hostile
enchantments, unstealthy
A: almost no armour, amphibious, 8 rings, constrict 8, camouflage 1, gelatinous
body 1
a: Burn Spellbooks, Berserk, Renounce Religion


You were on level 1 of the Dungeon.
You worshipped Trog.
Trog was aware of your devotion.
You were hungry.

You visited 1 branch of the dungeon, and saw 1 of its levels.

You collected 13 gold pieces.

Inventory:

Scrolls
 c - 2 scrolls of identify {unknown}
 d - a scroll of teleportation {unknown}
 f - a scroll of amnesia {unknown}
Potions
 b - a potion of mutation {unknown}
 e - a potion of heal wounds {unknown}
Comestibles
 a - a bread ration


   Skills:
 - Level 3.0 Fighting
 - Level 3.0 Dodging
 + Level 4.1 Unarmed Combat


You had 2 spell levels left.
You didn't know any spells.

Dungeon Overview and Level Annotations

Branches:
Dungeon (1/15)

Altars:

Annotations:
D:1 runed door


Innate Abilities, Weirdness & Mutations

You cannot wear most types of armour.
You are amphibious.
You can wear up to eight rings at the same time.
You can use your tentacles to constrict many enemies at once.
Your skin changes colour to match your surroundings (Stealth).
Your rubbery body absorbs attacks (AC +1).


Message History

The giant cockroach completely misses you.
You tentacle-slap the giant cockroach but do no damage.
The giant cockroach is severely wounded.
You constrict the giant cockroach.
You kill the giant cockroach!
Trog accepts your kill.
You can now regenerate and be protected from hostile enchantments.
The ooze jiggles.
Use which ability? (? or * to list)
Your skin crawls.
You feel resistant to hostile enchantments.
You are feeling hungry.
You can no longer call upon Trog for regeneration and protection from hostile enchantments.
The jackal completely misses you.
The jackal bites you but does no damage.
The ooze closely misses you. The ooze hits you.
* * * LOW HITPOINT WARNING * * *
The jackal misses you. The ooze hits you.
You die...

.###.#.#####.##.# #.# #.#.#
..............#.###.#####.#.#
.###.###....................#
......)...###############.)##
####.####.#.............#..#
#.##...#.............#..#
#.>....#.....hJJ.....#..#
####.#.#######J#######..#
#...#.....@h......#..#
#...'⌠....###....⌠'..#
#...#......<......#..#
#...#..⌠...>...⌠..#..#
##.#.###'#######'###..#
####....................##
###........#####.##########
....#...########.#
###...#..........#


You could see 3 oozes and 2 jackals.

Vanquished Creatures
  3 oozes (D:1)
  4 giant cockroaches (D:1)
  2 goblins (D:1)
  3 hobgoblins (D:1)
  A jackal (D:1)
  A kobold (D:1)
  A giant newt (D:1)
  6 rats (D:1)
21 creatures vanquished.

Notes
Turn   | Place    | Note
--------------------------------------------------------------
     0 | D:1      | Grim, the Octopode Berserker, began the quest for the Orb.
     0 | D:1      | Reached XP level 1. HP: 16/16 MP: 1/1
     1 | D:1      | Found a runed door.
   419 | D:1      | Reached XP level 2. HP: 21/21 MP: 2/2
   753 | D:1      | Reached skill level 4 in Unarmed Combat
   758 | D:1      | Reached XP level 3. HP: 26/26 MP: 3/3
   764 | D:1      | Acquired Trog's second power
   766 | D:1      | Slain by an ooze

Action                   || total
-------------------------++-------
Melee: Unarmed           ||    38
Invok: Berserk           ||     1
       Trog's Hand       ||     1
 Stab: Sleeping          ||     1
